Map: Prion Terraces

Players

Kralyn - Winner!

  • Race: Zerg Zerg

LilDicky

  • Race: Terran Terran
  • League: Diamond

VOD

http://www.twitch.tv/tumescentpie

Description

Time

  • Played on: Nov. 25, 2015, 8:59 p.m.
  • Length: 5:30
Show
View Real Time Build Order
Export as new Build Order

Kralyn Zerg - Winner!

Build Orders: Pool First 

Get SALT Encoding   

  12  0:01  Drone  
  13  0:12  Overlord  
  13  0:26  Drone  
  14  0:31  Drone x2  
  16  0:44  Spawning Pool  
  16  0:46  Drone  
  16  0:49  Drone  
  17  0:59  Drone  
  18  1:06  Extractor  
  18  1:10  Overlord  
  17  1:26  Drone  
  17  1:31  Queen  
  17  1:32  Drone  
  21  1:45  Drone  
  22  1:57  Drone  
  23  2:06  Hatchery  
  22  2:09  Metabolic Boost  
  22  2:11  Queen  
  24  2:23  Overlord  
  24  2:36  Zergling x6  
  27  2:39  Zergling x4  
  27  2:40  Zergling x2  
  30  2:49  Spine Crawler  
  29  3:02  Drone x2  
  29  3:04  Queen  
  33  3:17  Drone  
  33  3:18  Drone x3  
  37  3:21  Queen  
  37  3:22  Drone  
  40  3:44  Drone  
  40  3:45  Drone x3  
  40  3:46  Overlord x2  
  43  4:12  Drone x5  
  47  4:22  Drone x3  
  50  4:25  Extractor  
  50  4:26  Extractor  
  50  4:28  Drone x2  
  50  4:32  Lair  
  50  4:37  Hatchery, Zergling x2  
  47  4:44  Spine Crawler x2  
  45  4:46  Spine Crawler  
  44  5:01  Zergling x14  
Show
View Real Time Build Order
Export as new Build Order

LilDicky Terran 

Build Orders:  

Get SALT Encoding   

  12  0:02  SCV  
  13  0:14  SCV  
  13  0:18  Supply Depot  
  14  0:26  SCV  
  15  0:32  Refinery  
  15  0:40  SCV  
  16  0:45  Barracks  
  16  0:52  SCV  
  17  1:04  SCV  
  18  1:16  SCV  
  19  1:31  Orbital Command  
  20  1:34  Supply Depot  
  20  1:37  Reaper  
  20  1:43  Refinery  
  20  1:57  SCV  
  21  2:02  Factory  
  21  2:09  SCV  
  21  2:12  Reaper  
  23  2:21  SCV  
  24  2:25  Barracks  
  24  2:28  Barracks  
  24  2:35  SCV  
  25  2:50  Barracks Tech Lab  
  25  2:51  Factory Reactor  
  25  2:54  Supply Depot  
  25  2:59  SCV  
  26  3:08  Barracks  
  26  3:09  Barracks  
  26  3:11  SCV  
  26  3:12  Marauder  
  29  3:13  Stimpack  
  29  3:14  Barracks Tech Lab  
  29  3:22  Barracks Tech Lab  
  29  3:25  SCV  
  30  3:28  Supply Depot  
  30  3:34  Marauder  
  32  3:46  SCV, Hellion x2  
  37  3:53  Marauder x2  
  37  3:55  Concussive Shells  
  41  3:59  SCV  
  46  4:10  Hellion x2  
  46  4:30  Marauder  
  52  4:31  Hellion x2  
  52  4:32  SCV, Armory  
  53  4:41  Marauder  
  55  4:45  Supply Depot  
  55  5:07  SCV, Marauder x2  
Tags
 
Add a new tag
Caveats
  • Supply blocks, unpowered buildings, or Contaminate may cause inaccurate times.
  • Supply counts are checked every 10 seconds.